 Dungeon Crawl Stone Soup version 0.29.0-4-gdea44cf6ec (webtiles) character file.

Game seed: 13304533201769308185

63 qw the Chopper (level 4, 0/28 HPs)
             Began as a Gargoyle Fighter on Sept 9, 2022.
             Slain by a gnoll
             ... wielding a +0 flail
              (4 damage)
             ... on level 4 of the Dungeon.
             The game lasted 00:00:42 (1735 turns).

qw the Chopper (Gargoyle Fighter)                   Turns: 1735, Time: 00:00:43

Health: 0/28       AC: 10    Str: 22    XL:     4   Next: 9%
Magic:  4/4        EV:  5    Int:  8    God:
Gold:   37         SH:  0    Dex:  9    Spells: 3/3 levels left

rFire   . . .      SeeInvis .   Y - +0 war axe
rCold   . . .      Faith    .   c - +0 buckler
rNeg    + . .      Spirit   .   b - +0 scale mail
rPois   inf        Reflect  .   (no helmet)
rElec   +          Harm     .   (no cloak)
rCorr   .          Rampage  .   (no gloves)
Will    .....                   (no boots)
Stlth   ..........              (no amulet)
HPRegen 0.09/turn               (no ring)
MPRegen 0.09/turn               (no ring)

@: held
A: sickness immunity, AC +3, negative energy resistance 1, electricity
resistance, torment resistance 1, petrification resistance
a: no special abilities


You were on level 4 of the Dungeon.
You visited 1 branch of the dungeon, and saw 3 of its levels.

You collected 37 gold pieces.


Innate Abilities, Weirdness & Mutations

You are immune to sickness and miasma.
Your stone body is resilient. (AC +3)
You are immune to poison.
You resist negative energy. (rN+)
You are resistant to electric shocks. (rElec)
You are resistant to unholy torment.
You are immune to petrification.


   Skills:
 - Level 3.2 Fighting
 + Level 3.9 Axes
 - Level 3.2 Armour
 - Level 3.2 Shields


You had 3 spell levels left.
You didn't know any spells.
Your spell library was empty.

Inventory:

Hand Weapons
 h - a +0 mace
 Y - a +0 war axe (weapon)
Missiles
 e - 3 boomerangs (quivered)
Armour
 b - a +0 scale mail (worn)
 c - a +0 buckler (worn)
 i - a +0 pair of gloves
Jewellery
 o - an amulet of guardian spirit
Scrolls
 a - 2 scrolls of identify
 j - a scroll of butterflies {unknown}
 k - a scroll of vulnerability {unknown}
 l - a scroll of poison {unknown}
 m - a scroll of brand weapon {unknown}
Potions
 d - 2 potions of might
 f - a potion of cancellation {unknown}
 g - a potion of resistance {unknown}
 n - a potion of curing {unknown}

Dungeon Overview and Level Annotations

Branches:
Dungeon (4/15)
 Temple: D:4-7

Altars:


Message History

Enter note:
1723 ||| Stepping ~*~*~tactically~*~*~ (hiding).
1724 ||| Stepping ~*~*~tactically~*~*~ (hiding).
A gnoll comes into view. It is wielding a +0 flail.
1725 ||| Stepping ~*~*~tactically~*~*~ (hiding).
A gnoll comes into view. It is wielding a +0 flail.
The gnoll shouts!
An orc comes into view. It is wielding a +0 mace.
Found 17 gold pieces.
The orc shouts!
The gnoll throws a throwing net.
The throwing net hits you.
You become entangled in the net!
You see here a throwing net.
You struggle against the net.
The gnoll hits you but does no damage.
You tear a large gash into the net.
The gnoll hits you but does no damage.
You shred the net and break free! The gnoll hits you but does no damage.
You barely miss the gnoll. The gnoll barely misses you. x2
You hit the gnoll.
The gnoll is lightly wounded.
The gnoll hits you from afar with a +0 spear.
You hit the gnoll.
The gnoll is moderately wounded.
The gnoll hits you with a +0 flail.
The gnoll throws a throwing net.
The throwing net hits you.
You become entangled in the net!
The gnoll hits you with a +0 flail. The gnoll hits you but does no damage.
The gnoll barely misses you.
You struggle against the net.
The gnoll barely misses you.
The gnoll hits you from afar with a +0 spear.
The gnoll hits you with a +0 flail.
You struggle against the net.
The orc closely misses you. The gnoll hits you but does no damage.
The gnoll hits you with a +0 flail. The gnoll barely misses you.
You struggle against the net.
The orc hits you with a +0 mace. The gnoll hits you with a +0 flail.
You die...

# #.# # ### #.#.#.#$.##
.#..$ .#.#.#### ......
..#.#..+ #.....##....#
......gg...#
#.###.#@...# ...
......o....## ...##
#....g##....## #...
.........#.#.### #..
.#...#.#.#...#.##
#.####
#.#.#..........###.....
....
..##.....####...###
...#.
..........#.....#.
#....#.###.#..#..>##.


You could see 3 gnolls and an orc.

Vanquished Creatures
  Natasha (D:2)
  3 endoplasms (D:1)
  2 giant cockroaches
  3 hobgoblins
  4 jackals (D:1)
  A quokka (D:1)
  5 ball pythons
  5 bats
  2 goblins (D:1)
  7 kobolds
  4 rats
37 creatures vanquished.

Vanquished Creatures (others)
  A plant (D:1)
1 creature vanquished.

Grand Total: 38 creatures vanquished

Notes
Turn   | Place    | Note
-------+----------+-------------------------------------------
     0 | D:1      | qw the Gargoyle Fighter began the quest for the Orb.
     0 | D:1      | Reached XP level 1. HP: 14/14 MP: 1/1
     0 | D:1      | 0 ||| qw: Version: 0.1-a-113-g051387a
     0 | D:1      | 0 ||| qw: Game counter: 7044
     0 | D:1      | 0 ||| qw: Always use a shield: true
     0 | D:1      | 0 ||| qw: God list: Okawaru
     0 | D:1      | 0 ||| qw: Allow faded altars: false
     0 | D:1      | 0 ||| qw: Do Orc after D:15 true
     0 | D:1      | 0 ||| qw: Do second Lair branch before Depths: true
     0 | D:1      | 0 ||| qw: Lair rune preference: random
     0 | D:1      | 0 ||| qw: Plans: Normal, Zot, God:TSO, Crypt, Tomb, Zig,
                  | Orb
     0 | D:1      | 0 ||| PLANNING D:1-11
   290 | D:1      | Reached XP level 2. HP: 19/19 MP: 2/2
   621 | D:1      | Reached skill level 3 in Axes
   886 | D:1      | 886 ||| READING 2 scrolls labelled MOHEEP MAIMIS.
   887 | D:1      | 887 ||| DRINKING 2 fizzy dark potions.
   992 | D:1      | 992 ||| DROPPING potion of berserk rage.
  1033 | D:2      | 1033 ||| STAIRDANCE
  1037 | D:1      | Reached XP level 3. HP: 23/23 MP: 3/3
  1039 | D:2      | 1039 ||| STAIRDANCE
  1054 | D:2      | 1054 ||| STAIRDANCE
  1108 | D:2      | Found a faded altar of an unknown god.
  1446 | D:2      | Noticed Natasha
  1460 | D:2      | Killed Natasha
  1461 | D:2      | Reached XP level 4. HP: 9/28 MP: 4/4
  1683 | D:2      | You fall into a shaft and drop 2 floors!
  1723 | D:4      | 1723 ||| Stepping ~*~*~tactically~*~*~ (hiding).
  1724 | D:4      | 1724 ||| Stepping ~*~*~tactically~*~*~ (hiding).
  1725 | D:4      | 1725 ||| Stepping ~*~*~tactically~*~*~ (hiding).
  1734 | D:4      | HP: 7/28 [gnoll/+0 flail (6)]
  1735 | D:4      | Slain by a gnoll

Levels and vault maps discovered:
D:1:      eino_arrival_druids_welcome, layout_rooms, serial_curves,
          eino_curves_03, eino_curves_01, eino_curves_01, eino_curves_03,
          serial_park_tiny_2, minmay_misc_feat_doors
D:2:      layout_loops_ring, hellmonk_ecumenical_altar_leap_of_faith,
          uniq_natasha
D:4:      nicolae_cairo_tiling_large_dashed, layout_loops_corners,
          mainiacjoe_overflow_chevrons, serial_co_window_serial,
          co_window_corner_a, co_window_paths_a, co_window_of_opportunity_a,
          co_window_paths_a, co_window_paths_b, co_window_of_opportunity_a,
          co_window_corner_a, co_window_of_opportunity_c, co_window_corner_cb,
          co_window_paths_c, co_window_corner_b, glass_columns_c,
          glass_columns_a

Skill      XL: |  1  2 |
---------------+-------+-----
Axes           | 2 3 |  3.9
Fighting       | |  3.2
Armour         | |  3.2
Shields        | |  3.2

Action                   |  1- 3 |  4- 6 || total
-------------------------+-------+-------++-------
Melee: War axe           |    84 |     4 ||    88
Throw: Boomerang         |     4 |     8 ||    12
  Use: Scroll            |     1 |       ||     1
       Potion            |     1 |       ||     1
Armor: Scale mail        |    52 |     7 ||    59
Dodge: Dodged            |    36 |    10 ||    46
Block: Buckler           |    12 |       ||    12

Table legend:
 A = Non-vault XP
 B = Vault XP
 C = Vault XP percentage of total XP
 D = Non-vault monster count
 E = Vault monster count
 F = Vault count percentage of total count
                 A         B        C        D         E       F
            +---------+---------+-------+---------+---------+-------
      Total |      55 |      35 |  38.9 |      36 |       1 |   2.7
            +---------+---------+-------+---------+---------+-------
        D:1 |      38 |       0 |   0.0 |      24 |       0 |   0.0
        D:2 |      16 |      35 |  68.6 |      11 |       1 |   8.3
        D:4 |       1 |       0 |   0.0 |       1 |       0 |   0.0
            +---------+---------+-------+---------+---------+-------
